 Dungeon Crawl Stone Soup version 0.31.0-32-g396128a36d (webtiles) character file.

Game seed: 10545994367589332560

135 booth the Shield-Bearer (level 4, -1/37 HPs)
             Began as a Draconian Wanderer on Apr 10, 2024.
             Killed by divine providence
             ... invoked by an orc priest
              (12 damage)
             ... on level 3 of the Dungeon.
             The game lasted 00:14:58 (1978 turns).

booth the Shield-Bearer (Draconian Wanderer)        Turns: 1978, Time: 00:14:59

Health: -1/37      AC:  7    Str: 20    XL:     4   Next: 97%
Magic:  7/7        EV: 11    Int: 10    God:
Gold:   187        SH:  0    Dex: 15    Spells: 6/7 levels left

rFire   . . .        f - +0 quarterstaff
rCold   . . .        (shield currently unavailable)
rNeg    . . .        (body armour unavailable)
rPois   .            (helmet restricted)
rElec   .            b - +0 cloak
rCorr   .            l - +0 pair of gloves
SInv    .            (no boots)
Will    .....        (no amulet)
Stlth   ++           i - ring of flight
HPRegen 0.26/turn    n - +6 ring of strength
MPRegen 0.10/turn

%: no passive effects
@: brilliant, flying
A: AC +5, unfitting armour, cold-blooded
a: no special abilities


You were on level 3 of the Dungeon.
You visited 1 branch of the dungeon, and saw 3 of its levels.

You collected 187 gold pieces.

Inventory:

Hand Weapons
 f - a +0 quarterstaff (weapon)
 j - a +3 dagger
Missiles
 g - 9 atropa-tipped darts (quivered)
Armour
 b - a +0 cloak (worn)
 d - a +2 buckler
 l - a +0 pair of gloves (worn)
Jewellery
 i - a ring of flight (left hand)
 k - a ring of resist corrosion
 n - a +6 ring of strength (right hand)
Scrolls
 c - 2 scrolls of fog
 e - a scroll of amnesia
 p - a scroll of identify {unknown}
Potions
 a - a potion of brilliance
 h - a potion of curing {unknown}
 m - a potion of attraction {unknown}
 o - a potion of resistance {unknown}


   Skills:
 + Level 2.6 Fighting
 - Level 3.0 Stealth
 - Level 4.0 Shields
 + Level 2.2 Spellcasting
 * Level 3.0 Hexes


You had 6 spell levels left.
You knew the following spells:

 Your Spells              Type           Power      Damage    Failure   Level
a - Slow                  Hex            40%        N/A       9%          1

Your spell library contained the following spells:

 Spells                   Type           Power      Damage    Failure   Level
 Confusing Touch          Hex            10%        N/A       26%         3
 Sigil of Binding         Hex            10%        N/A       26%         3
 Tukima's Dance           Hex            10%        N/A       26%         3
 Gell's Gravitas          Tloc           1%         N/A       67%         3
 Teleport Other           Tloc           1%         N/A       67%         3
 Vampiric Draining        Necr           1%         2d6       67%         3
 Dispersal                Tloc           0%         N/A       100%        6


Dungeon Overview and Level Annotations

Branches:
Dungeon (3/15)

Altars:


Innate Abilities, Weirdness & Mutations

Your plain brown scales are hard. (AC +5)
You cannot fit into any form of body armour.
You are cold-blooded and may be slowed by cold attacks.


Message History

An endoplasm comes into view.
You see here a scroll labelled TIAKHL COENAODGH.
p - a scroll labelled TIAKHL COENAODGH
a - 2 brown potions (gained 1)
Found an escape hatch in the ceiling.
A bat comes into view.
You barely miss the bat.
Your tail-slap misses the bat.
The bat barely misses you.
You sock the bat!
You kill the bat!
An orc priest comes into view. It is wielding a +0 trident.
The orc priest shouts!
You hear a shout! x2
An orc priest comes into view. It is wielding a +0 club.
An orc comes into view. It is wielding a +0 flail.
An orc and an orc priest come into view.
The orc priest begins to cast a cantrip, but forgets the words!
The orc moves out of view.
The orc priest shouts!
The orc shouts!
You closely miss the orc priest. The orc priest closely misses you.
You thump the orc priest!
The orc priest is severely wounded.
The orc priest mumbles some strange prayers to Beogh against you.
Beogh smites you!
The orc priest calls down the wrath of Beogh upon you.
Beogh smites you!
The orc priest invokes the aid of Beogh against you.
Pain shoots through your body!
* * * LOW HITPOINT WARNING * * *
You hit the orc priest.
The orc priest is almost dead.
The orc priest looks braver for a moment.
It was a potion of brilliance.
You feel clever all of a sudden. The orc priest barely misses you.
As you read the scroll of fog, it dissolves into smoke.
The orc priest miscasts a cantrip.
The orc priest invokes the aid of Beogh against you.
Beogh smites you!
You die...

.# ##..... ...##... #
####...#.. #..#... .##
.......#.# #....# ###..#
##....... #..... .#...#
# #....####..####.....#
. #....<...............
# #.........†.§.§§.....
####.......#####§§####..
........#### #@o§..#
####...## #ooo##.# ##
#.### ....o# # .###.#
#......# ..##.# #......#
..##.#####........#
...................
...#..............#
.....##.....


You could see 3 orc priests and 2 orcs.

Vanquished Creatures
  An orc priest (D:2)
  An orc wizard (D:3)
  2 adders (D:3)
  2 dart slugs
  4 orcs
  8 bats
  A giant cockroach (D:1)
  9 goblins
  4 hobgoblins
  2 jackals (D:1)
  4 kobolds
  4 quokkas
  4 ball pythons (D:1)
  A frilled lizard (D:1)
  6 rats
53 creatures vanquished.

Notes
Turn   | Place    | Note
-------+----------+-------------------------------------------
     0 | D:1      | booth the Draconian Wanderer began the quest for the Orb.
     0 | D:1      | booth set off with the following items: a +0 dagger, a +0
                  | cloak, a scroll of fog, a +2 buckler; and the following
                  | spell memorised: Slow; and the following spells available
                  | to memorise: Tukima's Dance.
     0 | D:1      | Reached XP level 1. HP: 16/16 MP: 2/2
   134 | D:1      | Reached XP level 2. HP: 7/23 MP: 1/3
   614 | D:1      | Reached XP level 3. HP: 29/29 MP: 5/5
   752 | D:1      | Found a faded altar of an unknown god.
  1201 | D:2      | HP: 1/29 [orc priest/+0 club (1)]
  1204 | D:2      | Reached XP level 4. HP: 2/36 MP: 4/6
  1978 | D:3      | Killed from afar by an orc priest

Illustrated notes

Levels and vault maps discovered:
D:1:      ncdulo_halloftheorcs, layout_basic, shapermc_ecumenical_altar_ellora,
          minmay_misc_feat_enclosed
D:2:      cheibrodos_pilgrimage, layout_basic
D:3:      layout_rooms

Skill      XL: |  1  2  3  4 |
---------------+-------------+-----
Stealth        | 3 |  3.0
Hexes          | 2 3 |  3.0
Fighting       | 2 |  2.6
Spellcasting   | 2 |  2.2
Shields        | |  4.0

Action                     |  1- 3 |  4- 6 || total
---------------------------+-------+-------++-------
  Melee: Quarterstaff      |   118 |    46 ||   164
         Tailslap          |    15 |     4 ||    19
  Throw: Dart              |     2 |       ||     2
   Cast: Slow              |     7 |     1 ||     8
    Use: Scroll            |     3 |     3 ||     6
         Potion            |     2 |     1 ||     3
 Armour: Skin              |    59 |    34 ||    93
  Dodge: Dodged            |    77 |    31 ||   108
